 Dungeon Crawl Stone Soup version 0.29.1-15-g9cfb28693d (webtiles) character file.

Game seed: 5996188969942189004

6927 nshep25 the Cleaver (level 10, -1/88 HPs)
             Began as a Minotaur Fighter on Apr 26, 2023.
             Was an Initiate of Gozag.
             Slain by a death yak (3 damage)
             ... on level 10 of the Dungeon.
             The game lasted 00:18:56 (9626 turns).

nshep25 the Cleaver (Minotaur Fighter)              Turns: 9626, Time: 00:18:57

Health: -1/88      AC: 21    Str: 25    XL:     10   Next: 80%
Magic:  9/9        EV:  9    Int:  5    God:    Gozag
Gold:   1615       SH:  5    Dex: 10    Spells: 9/9 levels left

rFire   . . .      SeeInvis +   a - +3 war axe
rCold   + + .      Faith    .   c - +0 buckler
rNeg    + + .      Spirit   .   D - +4 chain mail {rC+}
rPois   .          Reflect  .   (helmet restricted)
rElec   .          Harm     .   j - +0 cloak
rCorr   .          Rampage  .   (no gloves)
Will    .....      Rage     3%  (no boots)
Stlth   ..........              (no amulet)
HPRegen 0.24/turn               k - ring "Olomus" {rN++ Str+2 SInv}
MPRegen 0.11/turn               y - +4 ring of protection

@: gold aura, on berserk cooldown, slowed, very slow
A: horns 2, retaliatory headbutt, berserk 1, cold resistance 1, weak 1
a: Renounce Religion, Potion Petition, Call Merchant, Bribe Branch


You were on level 10 of the Dungeon.
You worshipped Gozag.
Gozag was most pleased with you.
You visited 2 branches of the dungeon, and saw 11 of its levels.
You also visited: Bailey.

You collected 1696 gold pieces.
You paid 81 gold pieces to Gozag.

Inventory:

Hand Weapons
 a - a +3 war axe (weapon)
Missiles
 x - 13 boomerangs (quivered)
 B - 4 javelins
 J - 2 boomerangs of dispersal
 N - 4 silver javelins
Armour
 c - a +0 buckler (worn)
 j - a +0 cloak (worn)
 D - a +4 chain mail of cold resistance (worn)
Jewellery
 k - the ring "Olomus" (left hand) {rN++ Str+2 SInv}
   (You found it on level 2 of the Dungeon)

   [ring of see invisible]

   Str:       It affects your strength (+2).
   rN:        It greatly protects you from negative energy.
   SInv:      It lets you see invisible.
 y - a +4 ring of protection (right hand)
Wands
 u - a wand of iceblast (21)
 w - a wand of quicksilver (9)
 E - a wand of flame (32)
 L - a wand of mindburst (8)
Scrolls
 b - 2 scrolls of identify
 e - 4 scrolls of teleportation
 m - 2 scrolls of amnesia
 v - a scroll of poison
Potions
 d - 3 potions of might
 g - a potion of mutation
 h - a potion of degeneration {unknown}
 i - 5 potions of curing
 l - a potion of lignification {unknown}
 n - 2 potions of flight {unknown}
 o - a potion of ambrosia {unknown}
 q - 3 potions of invisibility
 F - a potion of magic {unknown}
 I - a potion of resistance {unknown}
 K - 2 potions of brilliance


   Skills:
 + Level 8.0 Fighting
 + Level 13.5 Axes
 + Level 2.0 Throwing
 + Level 10.7 Armour
 + Level 3.6 Dodging
 + Level 1.8 Stealth
 + Level 6.3 Shields


You had 9 spell levels left.
You didn't know any spells.
Your spell library contained the following spells:

 Spells                   Type           Power      Damage    Failure   Level
 Magic Dart               Conj           0%         1d3       97%         1
 Necrotise                Necr           0%         1d4       97%         1
 Searing Ray              Conj           0%         2d4       99%         2
 Frozen Ramparts          Ice            0%         1d1       100%        3
 Ozocubu's Armour         Ice            0%         N/A       100%        3
 Vampiric Draining        Necr           0%         2d6       100%        3
 Fulminant Prism          Conj/Hex       0%         3d6       100%        4
 Ice Form                 Ice/Tmut       0%         N/A       100%        4
 Summon Ice Beast         Ice/Summ       0%         N/A       100%        4
 Agony                    Necr           0%         N/A       100%        5
 Ozocubu's Refrigeration  Ice            0%         4d7       100%        7


Dungeon Overview and Level Annotations

Branches:
Dungeon (10/15)            Temple (1/1) D:7          Bailey (visited)
   Lair: D:8-11         Orc: D:9-12

Altars:
Ashenzari
Cheibriados
Dithmenos
Elyvilon
Fedhas
Gozag
Hepliaklqana
Makhleb
Nemelex Xobeh
Qazlal
Ru
Sif Muna
Trog
Uskayaw
Vehumet
Wu Jian
Xom
Yredelemnul
Zin
The Shining One

Shops:
D:2 *!   D:4 *

Annotations:
D:7 3 runed translucent doors, hawla's ghost, novice MeFE
D:10 1 runed translucent door, GasterBasher's ghost, novice MiBe
Temple 4 transporters


Innate Abilities, Weirdness & Mutations

You have a pair of horns on your head.
You reflexively headbutt those who attack you in melee.
You sometimes lose your temper in combat.
Your flesh is cold resistant. (rC+)
You are weak. (Str -2)


Message History

There is an escape hatch in the floor here.
The death yak barely misses you. x2
You slide downwards.
The hatch slams shut behind you.
GasterBasher's ghost turns its malevolent gaze towards you.
Found a condenser vane and 22 gold pieces.
Found a runed translucent door.
You hit the death yak but do no damage.
The death yak is severely wounded.
You slash the death yak! You block the death yak's attack.
The death yak gores you but does no damage. x3
You slice the death yak!!
The death yak is almost dead.
You hit the death yak. The death yak barely misses you. x2
A howler monkey comes into view.
The howler monkey howls!
You slash the death yak!
You kill the death yak!
You slash the death yak!
GasterBasher's ghost yells, "Who would have thought, even in death it is a pleasure to sever!"
The death yak gores you!
* * * LOW HITPOINT WARNING * * *
A wyvern comes into view.
The death yak gores you but does no damage.
Your Fighting skill increases to level 8!
You hit the death yak.
The death yak is moderately wounded.
The howler monkey is distracted by your dazzling golden aura.
The death yak gores you but does no damage.
The howler monkey howls!
You hit the death yak but do no damage.
The death yak is moderately wounded.
The howler monkey is no longer distracted by gold.
The death yak gores you!
* * * LOW HITPOINT WARNING * * *
You feel better. The death yak gores you!
* * * LOW HITPOINT WARNING * * *
The howler monkey is distracted by your dazzling golden aura.
The death yak gores you.
You die...
Your body crumbles into a pile of gold.

#### P8P# .
W}$# .#
##+##+##..#
#..........
#..........
#..@l......
##$.Y...#+#
######h...
... .


You could see a death yak, a wyvern, a howler monkey (unaware) and
GasterBasher's ghost.

Vanquished Creatures
  4 death yaks
  Psyche (D:9)
  Sigmund (D:2)
  A yak (D:7)
  Menkaure (D:7)
  An ice beast (D:7)
  6 orc warriors
  2 sky beasts
  3 ogres
  A black bear (D:5)
  2 centaurs
  A phantom (D:5)
  9 kobold brigands
  5 bullfrogs
  A gnoll sergeant (D:8)
  2 scorpions
  9 killer bees
  A howler monkey (D:7)
  5 jellies
  6 hounds
  7 orc priests
  Crazy Yiuf (D:2)
  2 iguanas
  Terence (D:2)
  2 orc wizards
  8 gnolls
  5 adders
  A shadow imp (D:7)
  2 white imps (D:7)
  4 ufetubi
  4 dart slugs
  22 orcs
  8 ball pythons
  8 endoplasms
  4 giant cockroaches
  5 goblins
  10 hobgoblins
  7 jackals
  18 kobolds
  3 bats
  A frilled lizard (D:2)
  6 rats
191 creatures vanquished.

Vanquished Creatures (others)
  A fungus (D:7)
  3 plants (D:7)
4 creatures vanquished.

Grand Total: 195 creatures vanquished

Notes
Turn   | Place    | Note
-------+----------+-------------------------------------------
     0 | D:1      | nshep25 the Minotaur Fighter began the quest for the Orb.
     0 | D:1      | Reached XP level 1. HP: 19/19 MP: 0/0
   291 | D:1      | Reached XP level 2. HP: 26/27 MP: 1/1
   946 | D:2      | Reached skill level 3 in Axes
   946 | D:2      | Reached XP level 3. HP: 33/33 MP: 2/2
  1021 | D:2      | Found Evankonaeb's Distillery.
  1211 | D:2      | Noticed Sigmund
  1226 | D:2      | Killed Sigmund
  1227 | D:2      | Reached skill level 5 in Axes
  1227 | D:2      | Reached skill level 5 in Armour
  1227 | D:2      | Reached skill level 1 in Dodging
  1227 | D:2      | Reached XP level 4. HP: 27/41 MP: 3/3
  1227 | D:2      | Reached XP level 5. HP: 31/47 MP: 4/4
  1366 | D:2      | Noticed Terence
  1377 | D:2      | Killed Terence
  1567 | D:2      | Found a faded altar of an unknown god.
  1669 | D:2      | Found a runed translucent door.
  1670 | D:2      | Noticed Crazy Yiuf
  1681 | D:2      | Killed Crazy Yiuf
  1682 | D:2      | Reached XP level 6. HP: 24/53 MP: 1/5
  1877 | D:2      | Found Isumebre's General Store.
  1920 | D:2      | Identified the ring "Olomus" {rN++ Str+2 SInv}
  3182 | D:4      | Reached skill level 6 in Axes
  3232 | D:4      | Found an opulent altar of Gozag.
  3236 | D:4      | Found Gozag's Platinum Reserve.
  3240 | D:4      | Became a worshipper of Gozag Ym Sagoz the Greedy
  3368 | D:4      | Reached XP level 7. HP: 41/60 MP: 6/6
  3894 | D:4      | You fall into a shaft and drop 3 floors!
  3943 | D:7      | Reached skill level 7 in Axes
  3989 | D:7      | Found a runed translucent gate.
  4010 | D:6      | HP: 3/60 [orc warrior/+0 halberd (9)]
  4012 | D:6      | Reached skill level 5 in Fighting
  4341 | D:6      | Found a glowing golden altar of the Shining One.
  4562 | D:6      | Reached skill level 1 in Stealth
  4562 | D:6      | Reached XP level 8. HP: 65/68 MP: 7/7
  4636 | D:6      | Reached skill level 8 in Axes
  4741 | D:5      | Entered Level 5 of the Dungeon
  4811 | D:5      | Found a white marble altar of Elyvilon.
  5888 | D:6      | Reached skill level 9 in Axes
  6426 | D:7      | Noticed a kobold demonologist
  6426 | D:7      | Found a runed translucent gate.
  6426 | D:7      | Found a runed translucent gate.
  6427 | D:7      | Noticed hawla's ghost (novice MeFE)
  6446 | D:7      | Reached skill level 10 in Axes
  6497 | D:7      | Reached skill level 5 in Shields
  6497 | D:7      | Reached XP level 9. HP: 65/75 MP: 8/8
  6586 | D:7      | Noticed Menkaure
  6593 | D:7      | Killed Menkaure
  7079 | D:7      | Found a staircase to the Ecumenical Temple.
  7149 | Temple   | Entered the Ecumenical Temple
  7149 | Temple   | Found a transporter.
  7149 | Temple   | Found a transporter.
  7151 | Temple   | Found a transporter.
  7151 | Temple   | Found a transporter.
  7520 | D:7      | Reached skill level 11 in Axes
  7915 | D:7      | Gained mutation: You have very sharp teeth. [potion of
                  | mutation]
  7915 | D:7      | Gained mutation: Armour fits poorly on your strangely
                  | shaped body. [potion of mutation]
  7916 | D:7      | Lost mutation: Armour fits poorly on your strangely shaped
                  | body. [potion of mutation]
  7916 | D:7      | Lost mutation: You have very sharp teeth. [potion of
                  | mutation]
  7916 | D:7      | Gained mutation: Your body sometimes deteriorates upon
                  | taking damage. [potion of mutation]
  7917 | D:7      | Lost mutation: Your body sometimes deteriorates upon taking
                  | damage. [potion of mutation]
  7917 | D:7      | Gained mutation: You are weak. (Str -2) [potion of
                  | mutation]
  7917 | D:7      | Gained mutation: You sometimes lose your temper in combat.
                  | [potion of mutation]
  7917 | D:7      | Gained mutation: Your flesh is cold resistant. (rC+)
                  | [potion of mutation]
  8133 | D:8      | Found a flagged portal.
  8291 | Bailey   | Entered a bailey
  8624 | Bailey   | Reached skill level 12 in Axes
  8648 | Bailey   | Reached XP level 10. HP: 50/84 MP: 9/9
  8835 | Bailey   | Found a bloodstained altar of Trog.
  9394 | D:9      | Noticed Psyche
  9403 | D:9      | Killed Psyche
  9404 | D:9      | Reached skill level 1 in Throwing
  9550 | D:9      | Noticed a death yak
  9560 | D:9      | Noticed a death yak
  9563 | D:9      | Killed a death yak
  9564 | D:9      | Reached skill level 10 in Armour
  9565 | D:9      | Noticed a death yak
  9565 | D:9      | Noticed a death yak
  9565 | D:9      | Noticed a death yak
  9565 | D:9      | Noticed a death yak
  9565 | D:9      | Noticed a death yak
  9585 | D:9      | Killed a death yak
  9586 | D:9      | Reached skill level 13 in Axes
  9595 | D:9      | Killed a death yak
  9614 | D:9      | HP: 1/88 [death yak (15)]
  9620 | D:10     | Entered Level 10 of the Dungeon
  9620 | D:10     | Noticed GasterBasher's ghost (novice MiBe)
  9620 | D:10     | Found a runed translucent door.
  9623 | D:10     | Killed a death yak
  9626 | D:10     | HP: 2/88 [death yak (12)]
  9626 | D:10     | Slain by a death yak

Illustrated notes

Levels and vault maps discovered:
D:1:      dpeg_arrival_pits, layout_basic, minivault_11
D:2:      layout_basic, serial_shops, nicolae_shop_waterfront,
          nicolae_diamond_shop, ebering_ecumenical_altar_webs, uniq_terence,
          uniq_sigmund, uniq_crazy_yiuf_cottage
D:3:      layout_loops_ring
D:4:      layout_basic, nicolae_gozag_zags_fifth_avenue
D:5:      layout_gridville, kennysheep_mini, minmay_crystal_room
D:6:      layout_loops_ring, mainiacjoe_overflow_small_starburst,
          minmay_starry_boxes
D:7:      layout_gridville, minmay_temple_entry_drinking_statues,
          gammafunk_ghost_nasty_kobolds, minmay_puff, uniq_menkaure
D:8:      layout_gridville, enter_bailey_6, chequers_garden
D:9:      minmay_flawed_box, layout_long_grid, dpeg_lair_monsters, serial_shops,
          kennysheep_mini_moat, uniq_psyche
D:10:     layout_gridville, gammafunk_ghost_grave
Temple:   hellmonk_temple_divided_pantheon

Skill      XL: |  1  2  3  4  5  6  7  8  9 10 |
---------------+-------------------------------+-----
Shields        | 4 5 6 |  6.3
Fighting       | 4 5 6 8 |  8.0
Armour         | 4 5 7 8 9 10 | 10.7
Axes           | 3 5 6 7 10 12 13 | 13.5
Dodging        | 1 2 3 |  3.6
Stealth        | 1 |  1.8
Throwing       | 2 |  2.0

Action                   |  1- 3 |  4- 6 |  7- 9 | 10-12 || total
-------------------------+-------+-------+-------+-------++-------
Melee: War axe           |    70 |    83 |   281 |    61 ||   495
       Headbutt          |     9 |    11 |    52 |    11 ||    83
Throw: Boomerang         |       |       |     8 |     3 ||    11
  Use: Scroll            |     3 |       |    16 |       ||    19
       Potion            |       |       |     3 |     3 ||     6
 Stab: Distracted        |       |       |     1 |       ||     1
Armor: Scale mail        |    34 |    39 |    22 |       ||    95
       Chain mail        |       |       |   128 |    36 ||   164
Dodge: Dodged            |    38 |    51 |   111 |    23 ||   223
Block: Buckler           |    15 |    17 |    71 |    15 ||   118
